 Dungeon Crawl Stone Soup version 0.29.1-2-gbd0b4ee654 (webtiles) character file.

Game seed: 14619322733054084904

6 Linkola the Conjurer (level 1, -2/10 HPs)
             Began as a Deep Elf Conjurer on Nov 5, 2022.
             Succumbed to their own poison gas
             ... on level 1 of the Dungeon.
             The game lasted 00:01:21 (867 turns).

Linkola the Conjurer (Deep Elf Conjurer)             Turns: 867, Time: 00:01:21

Health: -2/10      AC:  2    Str:  4    XL:     1   Next: 75%
Magic:  6/6        EV: 12    Int: 22    God:
Gold:   79         SH:  0    Dex: 13    Spells: 5/6 levels left

rFire   . . .      SeeInvis .   (no weapon)
rCold   . . .      Faith    .   (no shield)
rNeg    + . .      Spirit   .   a - +0 robe
rPois   .          Reflect  .   (no helmet)
rElec   .          Harm     .   (no cloak)
rCorr   .          Rampage  .   (no gloves)
Will    .....                   (no boots)
Stlth   ++........              (no amulet)
HPRegen 0.03/turn               h - ring of positive energy
MPRegen 0.10/turn               (no ring)

@: lethally poisoned (-2 -> -18), weak-willed
A: no striking features
a: no special abilities


You were on level 1 of the Dungeon.
You visited 1 branch of the dungeon, and saw 1 of its levels.

You collected 79 gold pieces.

Inventory:

Armour
 a - a +0 robe (worn)
Jewellery
 h - a ring of positive energy (left hand)
Potions
 b - a potion of magic
 i - a potion of lignification {unknown}
 j - a potion of resistance {unknown}
 k - a potion of curing {unknown}


   Skills:
 + Level 2.4 Dodging
 + Level 2.4 Stealth
 + Level 3.0 Spellcasting
 + Level 4.7 Conjurations


You had 5 spell levels left.
You knew the following spells:

 Your Spells              Type           Power      Damage    Failure   Level
a - Magic Dart            Conj           96%        1d7       1%          1

Your spell library contained the following spells:

 Spells                   Type           Power      Damage    Failure   Level
 Searing Ray              Conj           48%        2d6       2%          2
 Dazzling Flash           Conj/Hex       26%        N/A       14%         3
 Fulminant Prism          Conj/Hex       6%         3d7       43%         4
 Iskenderun's Mystic Bla  Conj/Tloc      13%        2d5       43%         4


Dungeon Overview and Level Annotations

Branches:
Dungeon (1/15)

Altars:

Shops:
D:1 !==(


Message History

You kill the rat!
There is an entrance to Yjuimesh's Jewellery Shoppe here.
j - a fuming white potion
Found Deoliz's Distillery.
There is an entrance to Deoliz's Distillery here.
k - a smoky white potion
There is an entrance to Deoliz's Distillery here.
There is an entrance to Deoliz's Distillery here.
There is an open gate here.
You enter the shallow water.
Moving in this stuff is going to be slow.
You enter the shallow water.
Moving in this stuff is going to be slow.
You enter the shallow water.
Moving in this stuff is going to be slow.
Partly explored, can't reach some places.
As you read the scroll labelled SYJOULILUF, it crumbles to dust.
It is a scroll of enchant weapon.
You aren't carrying any weapons that can be enchanted.
Unknown command.
The air fills with toxic fumes!
As you read the scroll labelled NAENKE BOCIATA, it crumbles to dust.
It was a scroll of poison.
As you read the scroll labelled IGUANL NENI, it crumbles to dust.
It is a scroll of identify.
f - a potion of might
As you read the scroll labelled WIPTIG TIDANUO, it crumbles to dust.
Magic quickly surges around you.
It was a scroll of vulnerability.
You drop a potion of might.
You hear a splash.
Partly explored, can't reach some places.
You enter the shallow water.
Moving in this stuff is going to be slow.
You see here a potion of might.
Really walk into that cloud of poison gas?
You are engulfed in poison gas.
You are lethally poisoned!
* * * LOW HITPOINT WARNING * * *
You feel very sick.
You die...

#≈~.......# #..#.
#≈≈~~....P# #....
#≈≈~.....♣###### #..#.
#≈≈≈......♣P.P.♣ #..#.
#≈≈~~.......°°.♣♣♣♣
#....
#≈≈≈....P.♣.....♣<♣
####.
#≈≈~~............P♣ #.
#≈≈≈~≈.........°..♣ #.
#≈≈≈≈≈~.°.....@°..♣ #.
#≈≈≈≈≈~≈≈~..~~°.♣♣♣♣ #.
#≈≈≈≈≈≈≈≈~~~°≈≈!≈≈≈♣ ##
#≈≈≈≈≈≈≈≈≈≈~≈≈≈≈≈≈°♣
#≈≈≈≈≈≈≈≈≈≈≈≈≈≈≈≈°≈≈≈≈♣
#######################


There were no monsters in sight!

Vanquished Creatures
  A bat (D:1)
  An endoplasm (D:1)
  A giant cockroach (D:1)
  A ball python (D:1)
  2 rats (D:1)
6 creatures vanquished.

Notes
Turn   | Place    | Note
-------+----------+-------------------------------------------
     0 | D:1      | Linkola the Deep Elf Conjurer began the quest for the Orb.
     0 | D:1      | Reached XP level 1. HP: 10/10 MP: 6/6
   113 | D:1      | Found Aboxu's Weapon Shoppe.
   404 | D:1      | Found Yjuimesh's Jewellery Shoppe.
   428 | D:1      | Found Vunki's Jewellery Boutique.
   670 | D:1      | Found Deoliz's Distillery.
   867 | D:1      | Succumbed to their own poison gas

Illustrated notes

Levels and vault maps discovered:
D:1:      kennysheep_arrival_seaside, layout_loops_cross, serial_shops, shop,
          shop, shop, nicolae_shop_bloodbath_and_beyond, minivault_11

Action                   || total
-------------------------++-------
 Cast: Magic Dart        ||    12
  Use: Scroll            ||     4
Armor: Robe              ||     1
Dodge: Dodged            ||     1
